 Dungeon Sprint DCSS version 0.29-a0-824-gd827844252 (webtiles) character file.

Game seed: 16610162827834603467

31628 mhtbhm the Slayer (level 13, -8/225 HPs)
             Began as a Minotaur Berserker on July 9, 2022.
             Was the Champion of Trog.
             Mangled by an iron golem (17 damage)
             ... in the Dungeon (Sprint III: "The Ten Rune Challenge").
             The game lasted 00:11:32 (6199 turns).

mhtbhm the Slayer (Minotaur Berserker)              Turns: 6199, Time: 00:11:32

Health: -8/225     AC:  5    Str: 28    XL:     13   Next: 27%
Magic:  12/12      EV: 19    Int:  4    God:    Trog [******]
Gold:   1302       SH:  5    Dex: 13    Spells: 12/12 levels left

rFire   + . .      SeeInvis .   q - +3 morningstar (flame)
rCold   . . .      Faith    .   c - +1 buckler "Wianilit" {Dex+4}
rNeg    . . .      Spirit   .   b - +0 robe {rF+}
rPois   .          Reflect  .   e - +1 hat {Will+}
rElec   .          Harm     .   i - +0 cloak
rCorr   .          Rampage  .   (no gloves)
Will    +....      NoTele   +   (no boots)
Stlth   ..........              (no amulet)
HPRegen 0.47/turn               (no ring)
MPRegen 0.13/turn               (no ring)

@: mighty, berserking, flying, very quick
A: horns 2, retaliatory headbutt
a: Renounce Religion, Berserk, Trog's Hand, Brothers in Arms


You were in the Dungeon.
You worshipped Trog.
Trog was exalted by your worship.
You visited 1 branch You collected 2423 gold pieces.
You spent 1121 gold pieces at shops.

Inventory:

Hand Weapons
 a - the +6 great mace of Dominance {drain, rF+}
   (You found it in the Dungeon)

   A truly terrible weapon, it drains the life of any living foe it strikes.
   rF:        It protects you from fire.
 q - a +3 morningstar of flaming (weapon)
Missiles
 p - 7 javelins (quivered)
 s - 7 curare-tipped darts
Armour
 b - a +0 robe of fire resistance (worn)
 c - the +1 buckler "Wianilit" (worn) {Dex+4}
   (You bought it in a shop in the Dungeon)

   Dex:       It affects your dexterity (+4).
 e - a +1 hat of willpower (worn)
 i - a +0 cloak (worn)
Wands
 l - a wand of charming (4)
Scrolls
 h - a scroll of amnesia
 k - a scroll of immolation
 n - a scroll of poison
 u - 2 scrolls of enchant weapon
 v - a scroll of enchant armour
Potions
 d - 4 potions of might
 f - 2 potions of magic
 g - a potion of berserk rage
 j - 4 potions of mutation
 m - 4 potions of flight
 r - 2 potions of heal wounds
Miscellaneous
 o - a lightning rod (4/4)


   Skills:
 + Level 24.3 Fighting
 + Level 22.5 Maces & Flails
 + Level 8.6 Armour
 + Level 17.1 Dodging
 + Level 12.2 Stealth
 + Level 2.2 Shields
 + Level 6.3 Evocations


You had 12 spell levels left.
You didn't know any spells.
Your spell library was empty.

Dungeon Overview and Level Annotations

Branches:
Dungeon (1/1)

Altars:
Cheibriados
Dithmenos
Elyvilon
Fedhas
Gozag
Hepliaklqana
Kikubaaqudgha
Makhleb
Nemelex Xobeh
Okawaru
Qazlal
Ru
Sif Muna
Trog
Uskayaw
Vehumet
Wu Jian
Xom
Yredelemnul
Zin
The Shining One
Jiyva
Lugonu

Shops:
D *=[!(:?![?[(


Innate Abilities, Weirdness & Mutations

You have a pair of horns on your head.
You reflexively headbutt those who attack you in melee.


Message History

Unknown command.
The iron golem hits your iron troll!! The iron golem hits your iron troll!
Your iron troll bites the iron golem!!
Your iron troll claws the iron golem but does no damage. x2
Unknown command.
The iron golem hits your iron troll! x2
Your iron troll bites the iron golem but does no damage.
Your iron troll claws the iron golem.
Your iron troll claws the iron golem but does no damage.
The iron golem hits your iron troll! The iron golem hits your iron troll!!!
Your iron troll bites the iron golem!!
Your iron troll claws the iron golem!!
Your iron troll completely misses the iron golem.
The iron golem hits your iron troll!!!
Your iron troll dies!
Your iron troll's corpse disappears in a puff of smoke!
Unknown command.
A red film seems to cover your vision as you go berserk!
You feel yourself moving faster!
You feel mighty!
You impale the iron golem!! You headbutt the iron golem!
The iron golem is severely damaged.
You completely miss the iron golem. You headbutt the iron golem!
The iron golem is almost destroyed.
The iron golem hits you!!!
* * * LOW HITPOINT WARNING * * *
The iron golem completely misses you.
You hit the iron golem.
The iron golem is almost destroyed.
You thump the iron golem!
You headbutt the iron golem, but do no damage.
The iron golem is almost destroyed.
The iron golem hits you!!!
* * * LOW HITPOINT WARNING * * *
The iron golem closely misses you.
You hit the iron golem but do no damage.
You headbutt the iron golem!
The iron golem is almost destroyed.
You barely miss the iron golem.
The iron golem is almost destroyed.
The iron golem hits you!
You die...

#.....#.#..#......#
#....)#.#..'......#
#.#.#)'.#..#..)...#
#..#.)#.#..#......#
#)....###########'#
####### # ###.# #
#. #≈≈.# # #..#≈≈.#
# #..)9@.# #
+..#≈≈.# #. #≈≈.# #
#≈≈.# ▓▓▓▓▓


You could see an iron golem.

Vanquished Creatures
  Rupert (D)
  Gastronok (D)
  Dowan (D)
  4 azure jellies (D)
  2 dire elephants (D)
  A fire dragon (D)
  Erolcha (D)
  A centaur warrior (D)
  4 dancing weapons (D)
  Urug (D)
  4 orc high priests (D)
  A deep elf knight (D)
  An orange crystal statue (D)
  An orc knight (D)
  A deep elf zephyrmancer (D)
  A lindwurm (D)
  3 deep elf pyromancers (D)
  2 orc sorcerers (D)
  A wolf spider (shapeshifter) (D)
  3 ugly things (D)
  2 elephants (D)
  2 cane toads (D)
  Duvessa (D)
  A rime drake (D)
  A komodo dragon (D)
  3 wandering mushrooms (D)
  A queen bee (D)
  4 spriggan defenders (D)
  2 tyrant leeches (D)
  5 slime creatures (D)
  5 blink frogs (D)
  A dream sheep (shapeshifter) (D)
  A shadow (D)
  5 redbacks (D)
  A spatial vortex (D)
  An orc warrior (D)
  A swamp drake (D)
  5 two-headed ogres (D)
  A necrophage (D)
  A water elemental (D)
  32 killer bees (D)
  5 orc priests (D)
  A jelly (D)
  Crazy Yiuf (D)
  Jessica (D)
  A wizard (D)
  A necromancer (D)
  4 orc wizards (D)
  A kobold demonologist (D)
  3 humans (D)
  5 orcs (D)
  An endoplasm (D)
  2 rats (D)
137 creatures vanquished.

Vanquished Creatures (collateral kills)
  A yaktaur captain (D)
  A skeletal warrior (D)
2 creatures vanquished.

Vanquished Creatures (others)
  A bush (D)
  10 plants (D)
11 creatures vanquished.

Grand Total: 150 creatures vanquished

Notes
Turn   | Place    | Note
-------+----------+-------------------------------------------
     0 | D        | mhtbhm the Minotaur Berserker began the quest for the Orb.
     0 | D        | Reached XP level 1. HP: 19/19 MP: 0/0
     5 | D        | Reached skill level 4 in Fighting
    92 | D        | Noticed Jessica
    96 | D        | Reached ** piety under Trog
   100 | D        | Killed Jessica
   101 | D        | Reached skill level 5 in Fighting
   101 | D        | Reached skill level 5 in Maces & Flails
   101 | D        | Reached XP level 2. HP: 17/30 MP: 1/1
   101 | D        | Reached XP level 3. HP: 21/37 MP: 2/2
   297 | D        | Reached skill level 6 in Fighting
   545 | D        | Noticed Crazy Yiuf
   552 | D        | Killed Crazy Yiuf
   553 | D        | Reached skill level 7 in Fighting
   553 | D        | Reached XP level 4. HP: 47/47 MP: 3/3
   645 | D        | Noticed a water elemental
   655 | D        | Killed a water elemental
   656 | D        | Reached skill level 8 in Fighting
   656 | D        | Reached XP level 5. HP: 23/56 MP: 4/4
   870 | D        | Found a shadowy altar of Dithmenos.
   877 | D        | Reached *** piety under Trog
   878 | D        | Reached skill level 9 in Fighting
   878 | D        | Reached skill level 5 in Dodging
   878 | D        | Found a basalt altar of Yredelemnul.
   878 | D        | Found a sacrificial altar of Ru.
   999 | D        | Found a radiant altar of Vehumet.
   999 | D        | Found a shimmering blue altar of Sif Muna.
   999 | D        | Found an ancient bone altar of Kikubaaqudgha.
  1004 | D        | Noticed a rust devil
  1007 | D        | Reached skill level 10 in Fighting
  1011 | D        | Reached **** piety under Trog
  1012 | D        | Reached skill level 10 in Maces & Flails
  1012 | D        | Reached XP level 6. HP: 45/66 MP: 5/5
  1111 | D        | Found a glowing silver altar of Zin.
  1112 | D        | Found a glowing golden altar of the Shining One.
  1112 | D        | Found a white marble altar of Elyvilon.
  1112 | D        | Noticed a deep elf pyromancer
  1114 | D        | Noticed a fire elemental
  1120 | D        | Killed a deep elf pyromancer
  1121 | D        | Reached skill level 12 in Fighting
  1121 | D        | Reached skill level 5 in Armour
  1121 | D        | Reached skill level 1 in Stealth
  1121 | D        | Reached XP level 7. HP: 77/77 MP: 6/6
  1146 | D        | Found a hide-covered altar of Uskayaw.
  1146 | D        | Found an iron altar of Okawaru.
  1147 | D        | Found a bloodstained altar of Trog.
  1147 | D        | Found an ornate altar of the Wu Jian Council.
  1147 | D        | Noticed a human
  1147 | D        | Noticed a human
  1152 | D        | Killed a human
  1154 | D        | Killed a human
  1154 | D        | Reached ***** piety under Trog
  1239 | D        | Noticed a shadow
  1247 | D        | Killed a shadow
  1248 | D        | Reached skill level 13 in Fighting
  1248 | D        | Reached XP level 8. HP: 83/86 MP: 7/7
  1279 | D        | Found a blossoming altar of Fedhas.
  1279 | D        | Found a stormy altar of Qazlal.
  1279 | D        | Found a snail-covered altar of Cheibriados.
  1279 | D        | Found a burning altar of Makhleb.
  1279 | D        | Found a shimmering altar of Xom.
  1280 | D        | Found a hazy altar of Hepliaklqana.
  1280 | D        | Found an opulent altar of Gozag.
  1280 | D        | Found a sparkling altar of Nemelex Xobeh.
  1280 | D        | Found a corrupted altar of Lugonu.
  1280 | D        | Found a viscous altar of Jiyva.
  1422 | D        | Received a gift from Trog
  1472 | D        | Reached skill level 14 in Fighting
  1601 | D        | Noticed a two-headed ogre
  1611 | D        | Killed a two-headed ogre
  1652 | D        | Noticed a two-headed ogre
  1652 | D        | Noticed Erolcha
  1656 | D        | Killed a two-headed ogre
  1657 | D        | Reached skill level 15 in Maces & Flails
  1657 | D        | Reached XP level 9. HP: 96/96 MP: 8/8
  1660 | D        | Killed Erolcha
  1661 | D        | Reached skill level 15 in Fighting
  1661 | D        | Reached skill level 10 in Dodging
  1661 | D        | Reached skill level 5 in Stealth
  2072 | D        | Noticed a wandering mushroom
  2076 | D        | Noticed a wandering mushroom
  2078 | D        | Noticed a wandering mushroom
  2080 | D        | Killed a wandering mushroom
  2105 | D        | Received a gift from Trog
  2112 | D        | Killed a wandering mushroom
  2113 | D        | Reached skill level 16 in Fighting
  2207 | D        | Noticed a cane toad
  2207 | D        | Noticed a komodo dragon
  2207 | D        | Noticed a cane toad
  2212 | D        | Killed a cane toad
  2215 | D        | Killed a cane toad
  2216 | D        | Reached XP level 10. HP: 108/108 MP: 9/9
  2296 | D        | Reached skill level 17 in Fighting
  2303 | D        | Received a gift from Trog
  2406 | D        | Noticed a lindwurm
  2412 | D        | Killed a lindwurm
  2412 | D        | Reached ****** piety under Trog
  2514 | D        | Noticed Urug
  2522 | D        | Killed Urug
  2719 | D        | Reached skill level 18 in Fighting
  2726 | D        | Received a gift from Trog
  3083 | D        | Noticed an elephant
  3084 | D        | Noticed an elephant
  3084 | D        | Noticed a dire elephant
  3084 | D        | Noticed a dire elephant
  3084 | D        | Noticed Gastronok
  3086 | D        | Killed an elephant
  3091 | D        | Killed a dire elephant
  3092 | D        | Reached XP level 11. HP: 121/121 MP: 10/10
  3103 | D        | Killed a dire elephant
  3114 | D        | Reached skill level 19 in Fighting
  3232 | D        | Killed Gastronok
  3232 | D        | Received a gift from Trog
  3270 | D        | Noticed an azure jelly
  3271 | D        | Noticed an azure jelly
  3271 | D        | Noticed an azure jelly
  3497 | D        | Noticed an azure jelly
  3499 | D        | Noticed Rupert
  3513 | D        | Killed Rupert
  3514 | D        | Reached skill level 20 in Fighting
  3514 | D        | Reached skill level 1 in Evocations
  3737 | D        | Killed an azure jelly
  3738 | D        | Reached skill level 10 in Stealth
  3741 | D        | Killed an azure jelly
  3750 | D        | Killed an azure jelly
  3759 | D        | Killed an azure jelly
  3760 | D        | Reached skill level 21 in Fighting
  3760 | D        | Reached XP level 12. HP: 32/136 MP: 11/11
  4130 | D        | Noticed an orc high priest
  4131 | D        | Noticed an orc high priest
  4132 | D        | Received a gift from Trog
  4134 | D        | Received a gift from Trog
  4135 | D        | Killed an orc high priest
  4136 | D        | Killed an orc high priest
  4136 | D        | Received a gift from Trog
  4137 | D        | Reached skill level 15 in Dodging
  4137 | D        | Found Juwn's Assorted Antiques.
  4327 | D        | Bought a potion of heal wounds for 130 gold pieces
  4341 | D        | Noticed a deep elf annihilator
  4342 | D        | Noticed a deep elf annihilator
  4344 | D        | Received a gift from Trog
  4345 | D        | Reached skill level 22 in Fighting
  4549 | D        | Received a gift from Trog
  4551 | D        | Received a gift from Trog
  4558 | D        | Received a gift from Trog
  4566 | D        | Received a gift from Trog
  4711 | D        | Noticed Dowan
  4713 | D        | Noticed Duvessa
  4719 | D        | Killed Dowan
  4726 | D        | Killed Duvessa
  4727 | D        | Reached skill level 5 in Evocations
  4841 | D        | Received a gift from Trog
  5086 | D        | Found Ycawi's Book Emporium.
  5086 | D        | Found Ommuh's Distillery.
  5086 | D        | Found Wussem's Antique Weapon Shoppe.
  5086 | D        | Found Taoqef's Antique Weapon Boutique.
  5086 | D        | Found Xaruly's Magic Scroll Emporium.
  5086 | D        | Found Zolatrad's Distillery.
  5086 | D        | Found Yschuz's Antique Armour Shop.
  5086 | D        | Found Siebly's Antique Armour Shop.
  5086 | D        | Found Pocigh's Magic Scroll Emporium.
  5086 | D        | Found Qaytap's Jewellery Emporium.
  5086 | D        | Found Ytusu's Antique Armour Boutique.
  5127 | D        | Bought a steaming buckler for 266 gold pieces
  5127 | D        | Identified the +1 buckler "Wianilit" {Dex+4} (You bought it
                  | in a shop in the Dungeon)
  5143 | D        | Bought a potion of might for 52 gold pieces
  5143 | D        | Bought 2 potions of might for 104 gold pieces
  5143 | D        | Bought a potion of might for 52 gold pieces
  5143 | D        | Bought a potion of heal wounds for 65 gold pieces
  5143 | D        | Bought a potion of curing for 39 gold pieces
  5143 | D        | Bought a potion of heal wounds for 65 gold pieces
  5146 | D        | Bought a scroll of enchant weapon for 105 gold pieces
  5146 | D        | Bought a scroll of enchant armour for 105 gold pieces
  5146 | D        | Bought a scroll of identify for 28 gold pieces
  5159 | D        | Bought a scroll of enchant weapon for 75 gold pieces
  5159 | D        | Bought a scroll of amnesia for 35 gold pieces
  5186 | D        | Reached skill level 23 in Fighting
  5201 | D        | Received a gift from Trog
  5442 | D        | Noticed a fire dragon
  5449 | D        | Killed a fire dragon
  5499 | D        | Noticed a centaur warrior
  5514 | D        | Killed a centaur warrior
  5622 | D        | Identified the +2 great mace of Revolt {vorpal, Str+4}
                  | (Trog gifted it to you in the Dungeon)
  5622 | D        | Received a gift from Trog
  5623 | D        | Reached XP level 13. HP: 141/148 MP: 12/12
  5673 | D        | Reached skill level 1 in Shields
  6037 | D        | Identified the +6 great mace of Dominance {drain, rF+}
  6100 | D        | Reached skill level 24 in Fighting
  6166 | D        | Received a gift from Trog
  6180 | D        | Noticed an iron golem
  6197 | D        | HP: 9/225 [iron golem (37)]
  6199 | D        | Mangled by an iron golem

Illustrated notes

Levels and vault maps discovered:
D:        dungeon_sprint_mu [sprint_mu_entry_forest, sprint_mu_temple_rooms,
          sprint_mu_d1_spiders, sprint_mu_d2_genie, sprint_mu_d3_branching,
          sprint_mu_orc_legion, sprint_mu_elf_gauntlet, sprint_mu_hive_nellie,
          sprint_mu_lair_fedhas, sprint_mu_vaults_butterflies,
          sprint_mu_slime_circle, sprint_mu_swamp_cave, sprint_mu_snake_twists,
          sprint_mu_blade_basic, sprint_mu_crypt_fortress,
          sprint_mu_tomb_spiral, sprint_mu_vestibule_basic,
          sprint_mu_gehenna_hellfire, sprint_mu_dis_giant,
          sprint_mu_tartarus_statrot, sprint_mu_cocytus_islands, sprint_mu_zot1]

Skill      XL: |  1  2  3  4  5  6  7  8  9 10 11 12 13 |
---------------+----------------------------------------+-----
Fighting       | 5 7 8 10 12 13 14 16 18 21 23 24 | 24.3
Maces & Flails | 5 7 8 10 12 13 15 16 18 20 21 22 | 22.5
Armour         | 3 4 5 6 8 |  8.6
Dodging        | 3 4 5 7 8 9 10 12 14 16 17 | 17.1
Stealth        | 1 2 4 6 8 10 11 12 | 12.2
Evocations     | 2 6 |  6.3
Shields        | 2 |  2.2

Action                   |  1- 3 |  4- 6 |  7- 9 | 10-12 | 13-15 || total
-------------------------+-------+-------+-------+-------+-------++-------
Melee: Mace              |    19 |    37 |    27 |       |       ||    83
       Headbutt          |     3 |     7 |    19 |    50 |    12 ||    91
       Punch             |       |     1 |       |       |       ||     1
       Dire flail        |       |       |    38 |   123 |       ||   161
       Great mace        |       |       |       |    61 |       ||    61
       Morningstar       |       |       |       |    45 |    34 ||    79
Invok: Berserk           |     3 |     2 |     5 |    10 |     4 ||    24
       Brothers in Arms  |       |       |       |     3 |     2 ||     5
       Trog's Hand       |       |       |       |     1 |       ||     1
Evoke: Lightning rod     |       |       |       |    17 |       ||    17
  Use: Potion            |       |     1 |       |     1 |     4 ||     6
       Scroll            |       |       |       |     5 |       ||     5
 Stab: Sleeping          |       |       |     2 |     5 |     1 ||     8
Armor: Robe              |       |     1 |     2 |     9 |     3 ||    15
       Ring mail         |       |       |       |    10 |       ||    10
Dodge: Dodged            |     4 |    15 |    36 |   126 |    24 ||   205
Block: Buckler           |       |       |       |     5 |     4 ||     9

Table legend: (Time is in decaauts)
 A = Elapsed time spent in this place.
 B = Non-inter-level travel time spent in this place.
 C = Inter-level travel time spent in this place.
 D = Time resting spent in this place.
 E = Time spent auto-exploring this place.
 F = Levels seen in this place.
 G = Mean time per level.
                   A        B        C        D        E       F      G
               +--------+--------+--------+--------+--------+-----+--------+
         Total |   6317 |   6317 |      0 |   4604 |    165 |   1 | 6317.0 |
       Dungeon |   6317 |   6317 |      0 |   4604 |    165 |   1 | 6317.0 |
               +--------+--------+--------+--------+--------+-----+--------+

Top non-repeatable levels by time:
       D: 6317 daAuts
